 Dungeon Crawl Stone Soup version 0.26-a0-1177-g1209ec82b9 (webtiles) character file.

Game seed: 299197332428027883

1649 muata the Skirmisher (level 9, -8/72 HPs)
             Began as a Human Berserker on Dec 5, 2020.
             Was an Elder of Trog.
             Mangled by an orc warrior
             ... wielding a +0 mace
              (15 damage)
             ... on level 6 of the Dungeon on Dec 25, 2020.
             The game lasted 00:25:51 (6779 turns).

muata the Skirmisher (Human Berserker)              Turns: 6779, Time: 00:25:52

Health: -8/72      AC: 12    Str: 21    XL:     9   Next: 19%
Magic:  9/9        EV: 12    Int:  8    God:    Trog [****..]
Gold:   210        SH:  0    Dex: 12    Spells: 8/8 levels left

rFire    + . .     SeeInvis .   G - +8 spear "Vadoat Istro" {flame, rF+}
rCold    . . .     Faith    .   (no shield)
rNeg     . . .     Spirit   .   y - +3 leather armour
rPois    .         Reflect  .   (no helmet)
rElec    .         Harm     .   s - +0 cloak
rCorr    .         Rampage  .   c - +0 pair of gloves
Will     ++...                  F - +2 pair of boots
Stlth    +.........             j - amulet of regeneration
HPRegen  1.62/turn              (no ring)
MPRegen  0.11/turn              (no ring)

@: berserk cooldown, regenerating, slowed, very slow
A: no striking features
a: Renounce Religion, Berserk, Trog's Hand, Brothers in Arms


You were on level 6 of the Dungeon.
You worshipped Trog.
Trog was greatly pleased with you.
You visited 1 branch of the dungeon, and saw 6 of its levels.
You also visited: Ossuary.

You collected 210 gold pieces.

Inventory:

Hand Weapons
 a - a +0 hand axe
 w - a cursed +2 war axe of freezing
 x - a +0 war axe
 E - a +3 rapier of electrocution
 G - the +8 spear "Vadoat Istro" (weapon) {flame, rF+}
   (You found it on level 5 of the Dungeon)

   It has been specially enchanted to burn those struck by it, causing extra
   injury to most foes and up to half again as much damage against particularly
   susceptible opponents.
   It protects you from fire.
Missiles
 g - 233 stones
 l - 6 boomerangs
 q - 44 poisoned darts
 r - 5 javelins
Armour
 b - a +0 animal skin
 c - a +0 pair of gloves (worn)
 k - a +0 ring mail
 s - a +0 cloak (worn)
 y - a +3 leather armour (worn)
 F - a +2 pair of boots (worn)
Jewellery
 j - an amulet of regeneration (around neck)
 m - an uncursed amulet of magic regeneration {unknown}
 u - an uncursed ring of stealth {unknown}
Wands
 o - a wand of acid (10)
 v - a wand of disintegration (13)
 D - a wand of flame (16)
Scrolls
 d - 5 scrolls of identify
 e - a scroll of magic mapping {unknown}
 f - 3 scrolls of enchant armour
 h - 2 scrolls of immolation {unknown}
 i - 2 scrolls of teleportation
 p - a scroll of random uselessness {unknown}
 H - 2 scrolls of amnesia {unknown}
 K - a scroll of remove curse {unknown}
Potions
 n - 3 potions of degeneration {unknown}
 t - 4 potions of curing
 z - 3 potions of mutation {unknown}
 A - a potion of haste {unknown}
 B - a potion of resistance {unknown}
 C - 3 potions of flight {unknown}
 I - a potion of attraction {unknown}
 J - a potion of berserk rage {unknown}


   Skills:
 + Level 7.1 Fighting
 - Level 6.9(7.0) Axes
 + Level 0.8(4.3) Polearms
 + Level 6.6 Armour
 - Level 2.0 Dodging


You had 8 spell levels left.
You didn't know any spells.
Your spell library was empty.

Dungeon Overview and Level Annotations

Branches:
Dungeon (6/15)            Ossuary (visited)
 Temple: D:4-7

Altars:
Cheibriados
Kikubaaqudgha
Makhleb
Nemelex Xobeh
Okawaru
Uskayaw

Shops:
D:6 [(

Annotations:
D:3 4 runed translucent doors, Crazy Yiuf; swinepaste's ghost, weakling DEIE


Message History

The orc barely misses you.
The orc warrior hits you with a +0 mace.
* * * LOW HITPOINT WARNING * * *
The orc priest hits you but does no damage.
You hit the orc warrior but do no damage.
The killer bee zombie completely misses you.
The killer bee zombie barely misses you.
The orc hits you but does no damage.
The orc warrior hits you but does no damage.
The killer bee zombie hits you.
* * * LOW HITPOINT WARNING * * *
The orc priest hits you but does no damage.
The orc hits you with a +0 short sword.
* * * LOW HITPOINT WARNING * * *
You puncture the orc warrior! You burn the orc warrior.
The orc warrior is severely wounded.
The killer bee zombie misses you.
The killer bee zombie closely misses you.
The orc warrior hits you with a +0 mace!
You die...

.##.....##.......#
........##......##
...............##
....#.........## #####
....#.........###.#..###
#....#.......((........#
.....#.......(#.........
....##.........Z).......
.#.........((((o@..##.
.#.........(#.#oo..#
...........##.#.....#
........... #..........
..........Z .........#..
..........# .....##.....
........o. ..##... #....
............. #...# ....
.........o


You could see an orc warrior, an orc priest, an orc and a killer bee zombie.

Vanquished Creatures
  Sigmund (D:5)
  Eustachio (D:5)
  Duvessa (D:4)
  An ice beast (D:5)
  A sky beast (D:5)
  A centaur (D:6)
  An ogre (D:4)
  2 scorpions
  Dowan (D:4)
  4 wights (D:3)
  A quasit (D:5)
  A hound (D:4)
  An orc priest (D:5)
  An iron imp (D:5)
  4 worker ants
  4 big kobold zombies (Ossuary)
  2 mummies
  A howler monkey zombie (D:4)
  A worker ant zombie (D:5)
  A gnoll (D:5)
  A howler monkey skeleton (D:5)
  8 adders
  A shadow imp (D:5)
  2 white imps (D:5)
  An adder zombie (D:5)
  A worm (D:4)
  3 dart slugs
  17 orcs
  3 spectral bats (Ossuary)
  5 giant cockroaches
  8 gnoll zombies (Ossuary)
  8 goblins
  4 hobgoblins
  2 jackals (D:6)
  9 kobolds
  A quokka (D:4)
  9 bats
  A bat simulacrum (Ossuary)
  3 frilled lizards
  6 goblin simulacra (Ossuary)
  5 goblin zombies (Ossuary)
  4 hobgoblin zombies (Ossuary)
  A jackal skeleton (D:5)
  2 kobold simulacra (Ossuary)
  6 kobold zombies (Ossuary)
  A leopard gecko skeleton (D:4)
  3 orc zombies (Ossuary)
  6 rats
  2 rat simulacra (Ossuary)
  3 spectral goblins (Ossuary)
  6 spectral kobolds (Ossuary)
  6 spectral rats (Ossuary)
169 creatures vanquished.

Vanquished Creatures (others)
  16 plants
16 creatures vanquished.

Grand Total: 185 creatures vanquished

Notes
Turn   | Place    | Note
-------+----------+-------------------------------------------
     0 | D:1      | muata the Human Berserker began the quest for the Orb.
     0 | D:1      | Reached XP level 1. HP: 18/18 MP: 1/1
   209 | D:1      | Reached XP level 2. HP: 12/24 MP: 2/2
  1330 | D:2      | Reached XP level 3. HP: 20/29 MP: 3/3
  1768 | D:2      | Reached XP level 4. HP: 5/36 MP: 4/4
  2270 | D:2      | Reached ** piety under Trog
  2279 | D:2      | Upgraded the game from 0.26-a0-971-g1d9d62bb61 to
                  | 0.26-a0-1002-g7355149c4d
  2789 | D:2      | Upgraded the game from 0.26-a0-1002-g7355149c4d to
                  | 0.26-a0-1021-gda264ca44c
  2861 | D:3      | Found a runed translucent gate.
  2861 | D:3      | Found a runed translucent gate.
  2861 | D:3      | Found a runed translucent gate.
  3005 | D:3      | Found a runed translucent door.
  3006 | D:3      | Noticed Crazy Yiuf
  3091 | D:3      | Reached XP level 5. HP: 35/42 MP: 5/5
  3313 | D:3      | Reached skill level 4 in Fighting
  3318 | D:3      | Reached XP level 6. HP: 48/48 MP: 6/6
  3801 | D:3      | Found an ancient bone altar of Kikubaaqudgha.
  3822 | D:3      | Noticed swinepaste's ghost (weakling DEIE)
  4254 | D:2      | Upgraded the game from 0.26-a0-1021-gda264ca44c to
                  | 0.26-a0-1107-g6118521029
  4319 | D:4      | Noticed an ogre
  4325 | D:4      | Killed an ogre
  4326 | D:4      | Reached XP level 7. HP: 55/55 MP: 7/7
  4338 | D:4      | Reached skill level 5 in Fighting
  4338 | D:4      | Reached skill level 5 in Axes
  4442 | D:4      | Found a burning altar of Makhleb.
  4449 | D:4      | Found a sand-covered staircase.
  4459 | Ossuary  | Entered an ossuary
  4556 | Ossuary  | Reached *** piety under Trog
  4775 | Ossuary  | Reached **** piety under Trog
  5013 | D:4      | Found a hide-covered altar of Uskayaw.
  5114 | D:4      | Upgraded the game from 0.26-a0-1107-g6118521029 to
                  | 0.26-a0-1139-g7d2dc893a1
  5115 | D:4      | Noticed Duvessa
  5120 | D:4      | Noticed Dowan
  5132 | D:4      | Killed Dowan
  5135 | D:4      | Reached skill level 5 in Armour
  5139 | D:4      | Killed Duvessa
  5140 | D:4      | Reached XP level 8. HP: 64/64 MP: 8/8
  5527 | D:5      | Entered Level 5 of the Dungeon
  5552 | D:5      | Noticed Eustachio
  5552 | D:5      | Noticed Sigmund
  5593 | D:5      | Killed Eustachio
  5594 | D:5      | Reached skill level 6 in Fighting
  5742 | D:5      | Found a sparkling altar of Nemelex Xobeh.
  5822 | D:5      | Upgraded the game from 0.26-a0-1139-g7d2dc893a1 to
                  | 0.26-a0-1177-g1209ec82b9
  5986 | D:5      | Got a faintly glowing spear
  5987 | D:5      | Identified the +8 spear "Vadoat Istro" {flame, rF+} (You
                  | found it on level 5 of the Dungeon)
  6094 | D:5      | Killed Sigmund
  6095 | D:5      | Reached XP level 9. HP: 71/71 MP: 9/9
  6505 | D:5      | Found an iron altar of Okawaru.
  6634 | D:5      | Found a snail-covered altar of Cheibriados.
  6641 | D:5      | Reached skill level 7 in Fighting
  6673 | D:6      | Found Sozyut's Antique Weapon Boutique.
  6680 | D:6      | Found Ydur's Antique Armour Emporium.
  6779 | D:6      | Mangled by an orc warrior

Illustrated notes

Levels and vault maps discovered:
D:1:      psy_arrival_radial02, layout_loops_ring, serial_bayou_lagoon_a,
          minmay_misc_feat_square
D:2:      layout_loops_ring, serial_co_window_serial, co_window_paths_a,
          co_window_corner_a, co_window_paths_b, co_window_paths_a,
          co_window_of_opportunity_a, co_window_of_opportunity_b,
          co_window_2corner, co_window_broadway_b, co_window_4corner_a,
          glass_columns_a, glass_columns_b
D:3:      layout_basic, marbit_many_paths, gammafunk_ghost_icy,
          serial_bayou_lake_a, uniq_crazy_yiuf_cottage
D:4:      layout_loops_cross, minitemple, gup_ossuary_entry_pyramid,
          uniq_duvessa
D:5:      layout_loops_ring, slow_altar_2, okawaru_altar_gauntlet_db,
          nemelex_diamond_rough_becter, uniq_sigmund, uniq_eustachio
D:6:      layout_cave_pools, led_sif_book, tso_metal_star,
          minmay_temple_entry_overgrown, serial_shops, kennysheep_mini_moat,
          shop, nicolae_shop_waterfront, shop, nicolae_shop_crystal

Skill      XL: |  1  2  3  4  5  6  7  8  9 |
---------------+----------------------------+-----
Armour         | 3 4 5 6 |  6.6
Axes           | 4 5 6 |  6.9
Fighting       | 4 5 6 7 |  7.1
Polearms       | |  0.8
Dodging        | |  2.0

Action                   |  1- 3 |  4- 6 |  7- 9 || total
-------------------------+-------+-------+-------++-------
Melee: Hand axe          |    85 |   112 |       ||   197
       War axe           |       |    28 |   272 ||   300
       Spear             |       |       |    78 ||    78
Invok: Berserk           |     2 |     3 |     7 ||    12
       Trog's Hand       |       |     1 |     4 ||     5
  Use: Potion            |       |     1 |       ||     1
       Scroll            |       |     3 |     2 ||     5
 Stab: Sleeping          |     2 |       |       ||     2
Armor: Animal skin       |    10 |       |       ||    10
       Ring mail         |     3 |    75 |    91 ||   169
       Leather armour    |       |       |    70 ||    70
Dodge: Dodged            |    57 |   127 |   206 ||   390

Table legend: (Time is in decaauts)
 A = Elapsed time spent in this place.
 B = Non-inter-level travel time spent in this place.
 C = Inter-level travel time spent in this place.
 D = Time resting spent in this place.
 E = Time spent auto-exploring this place.
 F = Levels seen in this place.
 G = Mean time per level.
                   A        B        C        D        E       F      G
               +--------+--------+--------+--------+--------+-----+--------+
         Total |   7007 |   6616 |    391 |   1121 |   3644 |   7 | 1001.0 |
       Dungeon |   6507 |   6116 |    391 |   1121 |   3644 |   6 | 1084.5 |
       Ossuary |    500 |    500 |      0 |      0 |      0 |   1 |  500.0 |
               +--------+--------+--------+--------+--------+-----+--------+

Top non-repeatable levels by time:
     D:2: 1573 daAuts
     D:3: 1457 daAuts
     D:1: 1349 daAuts
     D:5: 1197 daAuts
     D:4: 818 daAuts
 Ossuary: 500 daAuts
     D:6: 109 daAuts
